 Dungeon Crawl Stone Soup version 0.21.0-3-g78d12a8 (webtiles) character file.

288 theanonym the Grave Robber (level 5, -4/42 HPs)
             Began as a Demigod Necromancer on Jan 14, 2018.
             Killed from afar by Ijyb (19 damage)
             ... with a wand of acid (5)
             ... on level 3 of the Dungeon.
             The game lasted 00:05:17 (2439 turns).

theanonym the Grave Robber (Demigod Necromancer)    Turns: 2439, Time: 00:05:18

Health: -4/42      AC:  8    Str: 13    XL:     5   Next: 81%
Magic:  10/10      EV:  6    Int: 19    God:
Gold:   149        SH:  0    Dex: 16    Spells: 6/7 levels left

rFire    + . .     SeeInvis .   a - +0 trident
rCold    . . .     Gourm    .   (no shield)
rNeg     + . .     Faith    .   i - +1 chain mail {rN+} {rN+}
rPois    .         Spirit   .   y - +0 helmet
rElec    .         Reflect  .   (no cloak)
rCorr    .         Harm     .   (no gloves)
MR       .....                  l - +0 pair of boots (curse)
Stlth    ..........             (no amulet)
HPRegen  0.14/turn              j - +4 ring of protection
MPRegen  0.12/turn              v - ring of protection from fire {rF+}

@: corroded
A: high mp 1
a: no special abilities


Innate Abilities, Weirdness & Mutations

You have an increased reservoir of magic. (+10% MP)


   Skills:
 + Level 2.3 Fighting
 * Level 3.5 Polearms
 + Level 2.3 Armour
 - Level 1.7 Dodging
 - Level 1.7 Stealth
 - Level 1.7 Spellcasting
 - Level 4.0 Necromancy


You had 6 spell levels left.
You knew the following spells:

 Your Spells              Type           Power        Failure   Level  Hunger
a - Pain                  Necr           ###.         71%         1    #......

Skill      XL: |  1  2  3  4  5 |
---------------+----------------+-----
Necromancy     | 4 |  4.0
Polearms       | 1 2 3 |  3.5
Fighting       | 1 2 |  2.3
Armour         | 1 2 |  2.3
Dodging        | |  1.7
Stealth        | |  1.7
Spellcasting   | |  1.7

Action                   |  1- 3 |  4- 6 || total
-------------------------+-------+-------++-------
Melee: Spear             |   108 |   113 ||   221
       Trident           |       |    16 ||    16
  Use: Potion            |       |     1 ||     1
 Stab: Sleeping          |     2 |       ||     2
  Eat: Chunk             |     1 |     1 ||     2
       Ration            |       |     1 ||     1
Armor: Chain mail        |    60 |    98 ||   158
Dodge: Dodged            |    29 |    36 ||    65

Inventory:

Hand Weapons
 a - a +0 trident (weapon)
   (You took it off Robin on level 3 of the Dungeon)
Armour
 i - a +1 chain mail of positive energy (worn) {rN+}
   (You found it on level 3 of the Dungeon)
 l - a cursed +0 pair of boots (worn)
   (You found it on level 1 of the Dungeon)
 y - a +0 helmet (worn)
   (You took it off Robin on level 3 of the Dungeon)
Jewellery
 j - a +4 ring of protection (left hand)
   (You found it on level 1 of the Dungeon)
 v - a ring of protection from fire (right hand) {rF+}
   (You took it off an orc on level 3 of the Dungeon)
Scrolls
 d - 6 scrolls of identify {unknown}
 g - a scroll of teleportation {unknown}
 k - a scroll of enchant armour {unknown}
 o - a scroll of immolation {unknown}
 p - a scroll of remove curse {unknown}
 q - a scroll of amnesia {unknown}
 r - a scroll of fear {unknown}
Potions
 f - a potion of brilliance {unknown}
 h - 2 potions of lignification {unknown}
 s - a potion of haste {unknown}
 t - a potion of degeneration {unknown}
 u - a potion of flight {unknown}
 w - 3 potions of curing
Books
 b - a book of Necromancy
Comestibles
 e - 6 rations


You were on level 3 of the Dungeon.
You were not hungry.

You visited 1 branch of the dungeon, and saw 3 of its levels.

You collected 149 gold pieces.

Dungeon Overview and Level Annotations

Branches:
Dungeon (3/15)

Annotations:
D:3 Ijyb

#.# #.g#.# #..##### #.# #.#..#
##.....# #g#####.#.## #####.# #
#....#..#.# #.# ##.#
####...##.###### #.. ...#
###b.#.......# ##.
############....#.......##### #.
................g....>......####.
...########..#.#@.......###......
.......##...##..........# #######
.......##.#####.........#
..........## #.....######
.....#.....###.##..#
.........#.....##..##
......##.####...#...### #######
.....###.####.........#####......
.....# #.......#....#..<.)[......


You could see Ijyb and a bat.

Notes
Turn   | Place    | Note
-------+----------+-------------------------------------------
     0 | D:1      | theanonym the Demigod Necromancer began the quest for the Orb.
     0 | D:1      | Reached XP level 1. HP: 14/14 MP: 5/5
   191 | D:1      | Reached skill level 4 in Necromancy
   350 | D:1      | Reached XP level 2. HP: 20/20 MP: 7/7
   747 | D:2      | Reached skill level 1 in Polearms
   826 | D:2      | Reached XP level 3. HP: 26/27 MP: 8/8
   863 | D:2      | Found an ornate altar of the Wu Jian Council.
   914 | D:2      | Found a sparkling altar of Nemelex Xobeh.
   984 | D:2      | Reached skill level 1 in Fighting
   984 | D:2      | Reached skill level 1 in Armour
  1004 | D:2      | Found a stormy altar of Qazlal.
  1105 | D:2      | Found an opulent altar of Gozag.
  1390 | D:3      | Noticed Natasha
  1406 | D:3      | HP: 12/28 [Natasha/magic dart (5)]
  1407 | D:3      | Killed Natasha
  1407 | D:3      | Reached skill level 2 in Polearms
  1407 | D:3      | Reached XP level 4. HP: 16/35 MP: 9/9
  1521 | D:3      | Noticed Natasha
  1529 | D:3      | Killed Natasha
  1585 | D:3      | Noticed a bullfrog
  1603 | D:3      | Killed a bullfrog
  1603 | D:3      | Reached skill level 3 in Polearms
  1603 | D:3      | Reached XP level 5. HP: 25/41 MP: 10/10
  1759 | D:3      | Reached skill level 2 in Fighting
  1770 | D:3      | Noticed Natasha
  1785 | D:3      | Killed Natasha
  1785 | D:3      | Reached skill level 2 in Armour
  1823 | D:3      | Noticed Jessica
  1830 | D:3      | Killed Jessica
  2004 | D:3      | Found an ancient bone altar of Kikubaaqudgha.
  2125 | D:3      | Noticed Robin
  2156 | D:3      | Killed Robin
  2264 | D:3      | Noticed Ijyb
  2435 | D:3      | HP: 12/42 [Ijyb/wand of acid (6) (14)]
  2435 | D:3      | HP: 5/42 [acid (7)]
  2439 | D:3      | Killed from afar by Ijyb

Vanquished Creatures
  A bullfrog (D:3)
  Jessica (D:3)
  Natasha (thrice) (D:3)
  Robin (D:3)
  4 adders
  2 dart slugs
  A leopard gecko (D:3)
  An orc (D:3)
  5 bats
  2 bat zombies (D:3)
  A giant cockroach (D:2)
  16 goblins
  9 hobgoblins
  4 jackals (D:2)
  2 ball pythons
  5 frilled lizards
  5 kobolds
  6 rats
  A rat zombie (D:3)
70 creatures vanquished.

Table legend:
 A = Turns spent in this place as a percentage of turns spent in the entire game.
 B = Non-inter-level travel turns spent in this place as a percentage of non-inter-level travel turns spent in the entire game.
 C = Inter-level travel turns spent in this place as a percentage of turns spent in this place.
 D = Turns resting spent in this place as a percentage of non-inter-level travel turns spent in this place.
 E = Turns spent auto-exploring this place as a percentage of non-inter-level travel turns spent in this place.
 F = Non-inter-level travel turns spent in this place divided by the number of levels of this place that you've seen.
                   A       B       C       D       E      F
               +-------+-------+-------+-------+-------+----------------------
         Total | 100.0 | 100.0 |   3.4 |  19.7 |  59.2 | 785.0
       Dungeon | 100.0 | 100.0 |   3.4 |  19.7 |  59.2 | 785.0
               +-------+-------+-------+-------+-------+----------------------
